[Event "*** Titled Tuesday Blitz"]
[Site "Chess.com"]
[Date "2020.04.07"]
[Round "7"]
[White "Bastiandash"]
[Black "skoularikii"]
[Result "0-1"]
[WhiteElo "1959"]
[BlackElo "2460"]
[TimeControl "180+1"]
[EndTime "14:19:50 PDT"]
[Termination "skoularikii won by resignation"]

1. d4 Nf6 2. Nf3 e6 3. c3 c5 4. Bg5 Qb6 5. Qb3 Qc7 6. e3 Be7 7. Nbd2 O-O 8. Bd3 d5 9. Qd1 h6 10. Bf4 Qb6 11. Rb1 Nc6 12. O-O a5 13. Ne5 a4 14. a3 Rd8 15. Ng4 Bd7 16. Nxf6+ Bxf6 17. Qf3 e5 18. dxe5 Nxe5 19. Bxe5 Bxe5 20. Bf5 Bb5 21. Rfe1 g6 22. Bc2 Kg7 23. h4 h5 24. g3 Rd6 25.
Qd1 Bd7 26. Nf3 Bg4 27. Bd3 Rf6 28. Be2 Qc7 29. Nxe5 Bxe2 30. Qxe2 Qxe5 31. Rbd1 c4 32. Rd4 b5 33. Qd2 Rd8 34. e4 Re6 35. Kf1 Rde8 36. Rxd5 Qb8 37. Rd4 Rf6 38. Qe3 Re5 39. Kg2 Qb6 40.
Rd5 Qe6 41. Rxe5 Qxe5 42. Qd4 Qe6 43. Re2 Qg4 44. Qe3 Rd6 45. f3 Qe6 46. Rd2 Qd7 47.
Rxd6 Qxd6 48. Qd4+ Qxd4 49. cxd4 b4 50. Kf2 c3 51. bxc3 bxa3 52. Ke2 a2 53. c4 a1=Q 0-1

[Event "*** Titled Tuesday Blitz"]
[Site "Chess.com"]
[Date "2020.04.07"]
[Round "7"]
[White "meridaandres"]
[Black "TST2014"]
[Result "0-1"]
[WhiteElo "2276"]
[BlackElo "2507"]
[TimeControl "180+1"]
[EndTime "14:19:51 PDT"]
[Termination "TST2014 won by resignation"]

1. Nf3 Nf6 2. c4 g6 3. Nc3 Bg7 4. e4 d6 5. d4 O-O 6. Be2 e5 7. O-O Nc6 8. d5 Ne7 9. Bg5 h6 10. Bxf6 Bxf6 11. b4 a5 12. a3 Bg7 13. c5 f5 14. Nd2 h5 15. Nc4 axb4 16. axb4 Rxa1 17. Qxa1 fxe4 18. cxd6 cxd6 19. Nxe4 Nf5 20. Qa5 Qe7 21. Qb6 Nd4 22. Bd3 h4 23. Qxd6 Qxd6 24. Ncxd6 h3 25. Bc4 hxg2 26. Kxg2 Bg4 27. h3 Bf3+ 28. Kh2 Bh6 29. Ng3 Bf4 30. Nxb7 Rb8 31. d6+ Kf8 32. d7 Bxb7 33. Ra1 Nf3+ 34. Kg2 Nd2+ 35.
Kh2 Nxc4 36. Ra7 Ke7 37. h4 Kxd7 38. Kh3 Kd6 39. Kg4 Bc8+ 40. Kf3 Rb7 41. Ne4+ Kc7 42. Ra6 Bf5 43. Nc5 Rxb4 44. Rf6 Nd2+ 45. Ke2 Rb2 46. Na4 Ra2 47. Nc3 Rc2 48. Nd5+ Kd7 49. Nb6+ Ke7 50. Nd5+ Ke8 51. Kd1 Ra2 52. Nc7+ Kd7 53. Nd5 Bg4+ 54. Kc1 Ne4+ 55. Kb1 Nxf6 56. Nxf6+ Ke6 57. Nxg4 Re2 58. Ne3 Bxe3 59. fxe3 Rxe3 0-1

[Event "*** Titled Tuesday Blitz"]
[Site "Chess.com"]
[Date "2020.04.07"]
[Round "7"]
[White "1g41-0"]
[Black "LikeWater"]
[Result "1/2-1/2"]
[WhiteElo "2518"]
[BlackElo "2682"]
[TimeControl "180+1"]
[EndTime "14:19:52 PDT"]
[Termination "Game drawn by agreement"]

1. d4 Nf6 2. c4 c5 3. d5 b5 4.
cxb5 a6 5. b6 d6 6. Nc3 g6 7. e4 Bg7 8. a4 Qxb6 9. a5 Qb7 10. Nf3 O-O 11. h3 e6 12. Be2 exd5 13. exd5 Bf5 14. O-O Ne4 15. Nxe4 Bxe4 16. Bc4 Nd7 17. Re1 Bxf3 18. Qxf3 Ne5 19. Qb3 Qa7 20. f4 Rab8 21. Qc2 Nxc4 22. Qxc4 Bxb2 23. Bxb2 Rxb2 24. f5 Rb4 25. Qc1 c4+ 26. Kh1 Qd4 27. Qh6 Qg7 28. Qf4 Qf6 29. Rab1 Rxb1 30. Rxb1 Rc8 31. Qf2 Qxf5 32.
Qb6 c3 33. Rc1 Qf4 34. Rc2 Qf1+ 35. Kh2 Qf4+ 36. Kh1 Qe4 37. Qxa6 Qxc2 38. Qxc8+ Kg7 39. a6 Qd1+ 40. Kh2 c2 41. a7 c1=Q 42. Qxc1 Qxc1 43.
a8=Q Qf4+ 44. Kg1 Qe5 45. Qa2 h5 46. Qc4 g5 47. Kf2 h4 48. Qd3 f5 49. Qb5 Kf6 50. Qb7 g4 51. hxg4 fxg4 52. Qa8 g3+ 53. Kf3 Qf5+ 54. Ke3 Ke5 55. Qe8+ Kxd5 56. Qb5+ Ke6 57. Qe8+ Kf6 58. Qd8+ Kf7 59. Qxh4 Qe5+ 60. Kf3 d5 61. Qxg3 Qxg3+ 62. Kxg3 Kg6 63. Kf4 1/2-1/2

[Event "*** Titled Tuesday Blitz"]
[Site "Chess.com"]
[Date "2020.04.07"]
[Round "7"]
[White "quesfr"]
[Black "Pudor"]
[Result "0-1"]
[WhiteElo "2187"]
[BlackElo "2359"]
[TimeControl "180+1"]
[EndTime "14:19:52 PDT"]
[Termination "Pudor won on time"]

1. e4 c5 2. c3 e6 3. d4 d5 4.
exd5 Qxd5 5. Nf3 Nf6 6. Be2 cxd4 7. cxd4 Be7 8. O-O O-O 9. Nc3 Qd8 10. Ne5 Nbd7 11. Bf3 Nb6 12. Be3 Nfd5 13. Qe2 Bf6 14. Ng4 Bd7 15. Nxd5 exd5 16. Nxf6+ Qxf6 17. b3 Rac8 18. Rfc1 Bf5 19. Qb5 Qd6 20. a4 a6 21. Qe2 Nd7 22.
Qd2 Nf6 23. Bf4 Qb6 24. Bd1 Ne4 25. Qb2 Qb4 26. Bf3 h6 27. h3 Rc6 28. Rxc6 bxc6 29.
Bxe4 Bxe4 30. Rc1 Rc8 31. Qc3 Qb7 32. Be5 Bg6 33. Qg3 Qb4 34. h4 Qd2 35. Rf1 Qd3 36. Qxd3 Bxd3 37. Rc1 Kf8 38. f3 Ke7 39. Kf2 Ke6 40. Ke3 f6 41. Kxd3 fxe5 42. Re1 Kd6 43. dxe5+ Ke6 44. f4 c5 45. g4 g6 46. Kc3 h5 47.
gxh5 gxh5 48. Rg1 Kf5 49. Rg5+ Kxf4 50. Rxh5 Ke3 51. e6 d4+ 52. Kc2 d3+ 0-1

[Event "*** Titled Tuesday Blitz"]
[Site "Chess.com"]
[Date "2020.04.07"]
[Round "7"]
[White "tufferguy"]
[Black "DDTerziev04"]
[Result "0-1"]
[WhiteElo "2385"]
[BlackElo "2256"]
[TimeControl "180+1"]
[EndTime "14:19:53 PDT"]
[Termination "DDTerziev04 won by resignation"]

1. e4 e6 2. d4 d5 3. Nc3 Bb4 4. e5 c5 5. a3 Ba5 6. b4 cxd4 7.
Nb5 Bc7 8. Nf3 Nc6 9. Nxc7+ Qxc7 10. Bb5 a6 11. Bxc6+ bxc6 12. Qxd4 Ne7 13. O-O Bd7 14. Be3 Nf5 15. Qf4 O-O 16. Bc5 Rfe8 17. g4 Ne7 18.
Rfe1 Ng6 19. Qg3 a5 20. h4 axb4 21. axb4 Qb7 22. h5 Nf8 23. Qf4 Rxa1 24. Rxa1 Ra8 25.
Re1 h6 26. g5 hxg5 27. Nxg5 Be8 28. Bxf8 Kxf8 29. Nxe6+ Kg8 30. Nc5 Qe7 31. h6 Ra3 32. Qg4 g6 33. e6 f5 34. Qf4 Rh3 35. Kg2 Rh5 36. Rh1 Rg5+ 37. Kf1 Kh7 38. Rg1 Rh5 39. Qe5 Rh4 40. Nd3 Re4 41. Qg3 Rxe6 42. Nf4 Rf6 43. Kg2 Qe4+ 44. Kh2 Qxb4 45. Qg5 Rd6 46. Re1 Bf7 47.
Re7 Kg8 48. Rxf7 Kxf7 49. Qxg6+ Rxg6 50. Nxg6 Kxg6 51. h7 Qh4+ 52. Kg2 Qxh7 53. Kf3 Qf7 54. Ke3 Qe6+ 55. Kd3 Kf7 56. Kc3 Ke7 57. Kb3 Kd7 58. Kc3 Kc7 59. Kb3 Kb6 60. Kb2 c5 61. Kc1 Kb5 62. Kb1 c4 63. Kb2 Kc5 64. Ka3 d4 65.
Kb2 c3+ 66. Kc1 0-1

[Event "*** Titled Tuesday Blitz"]
[Site "Chess.com"]
[Date "2020.04.07"]
[Round "7"]
[White "stasiek18"]
[Black "DryCounty"]
[Result "0-1"]
[WhiteElo "2404"]
[BlackElo "2597"]
[TimeControl "180+1"]
[EndTime "14:19:55 PDT"]
[Termination "DryCounty won on time"]

1. d4 Nf6 2. Bg5 Ne4 3. h4 d5 4. Nd2 Bf5 5. Nxe4 Bxe4 6. f3 Bf5 7. Qd2 h6 8. Bf4 e6 9. g4 Bh7 10. e3 Bd6 11. Ne2 Nc6 12. O-O-O Qe7 13. Bxd6 Qxd6 14. Nc3 O-O-O 15. Bd3 Bxd3 16. Qxd3 Rhe8 17. f4 f6 18. a3 a6 19. Kb1 Kb8 20. Qg6 Re7 21. g5 hxg5 22.
hxg5 fxg5 23. Qxg5 Na5 24. e4 Nc4 25. e5 Qd7 26.
Rh3 Rf7 27. b3 Nxa3+ 28. Kb2 Nb5 29. Nxb5 axb5 30. Rg1 Rdf8 31. Rh4 b4 32. Rhg4 Qc6 33. R1g3 Qa6 34. Qg6 b5 35. Rf3 Kb7 36. Kc1 Qa1+ 37. Kd2 Qxd4+ 38. Qd3 Qxd3+ 39. cxd3 c5 40. Ke3 Kc6 41. Rg6 Kd7 42. Rf1 Rh8 43. Ra1 Rh3+ 44. Ke2 Re7 45. Ra7+ Ke8 46. Rxe7+ Kxe7 47. Rxg7+ Kf8 48. Rb7 Rh2+ 49. Kf3 Rc2 50. Rxb5 Rc3 51. Kg4 Ke7 52. Rb7+ Kd8 53. Kg5 Rxd3 54. Kf6 Rf3 55. Kxe6 d4 56. Kd6 Kc8 57. Rc7+ Kb8 58. Rxc5 Rxf4 59.
Rb5+ Ka7 60. Rxb4 Ka6 61. e6 Re4 62. e7 Ka5 63. Rb8 d3 0-1

[Event "*** Titled Tuesday Blitz"]
[Site "Chess.com"]
[Date "2020.04.07"]
[Round "7"]
[White "djano"]
[Black "reigningmvp"]
[Result "1-0"]
[WhiteElo "2485"]
[BlackElo "2284"]
[TimeControl "180+1"]
[EndTime "14:19:56 PDT"]
[Termination "djano won by resignation"]

1. Nf3 Nf6 2. g3 g6 3. Bg2 Bg7 4. O-O O-O 5. d4 d5 6. c4 dxc4 7. Na3 Nc6 8. Nxc4 Be6 9. b3 Bd5 10. Bb2 a5 11. e3 a4 12. Re1 axb3 13. axb3 Rxa1 14. Qxa1 Qa8 15. Nfe5 Bxg2 16. Kxg2 Nb4 17. Qxa8 Rxa8 18. Ra1 Rxa1 19. Bxa1 Ne4 20. Kf3 Nd6 21.
Bc3 Nd5 22. Ba5 f6 23. Nd3 b6 24. Bd2 f5 25. Nce5 Ne4 26. Be1 g5 27. g4 e6 28.
h3 Kf8 29. Ke2 Ke7 30. f3 Nd6 31. Bg3 Nc3+ 32. Kd2 Nd5 33. Nc6+ Kd7 34. Nde5+ Bxe5 35. Nxe5+ Ke7 36. Kd3 Nb4+ 37. Kc3 Nd5+ 38. Kd3 Nb4+ 39.
Ke2 Nd5 40. Be1 f4 41. e4 Ne3 42. h4 h6 43. h5 Nc2 44. Bc3 Nb5 45. Kd3 Nxc3 46.
Kxc2 Nb5 47. Kd3 Nd6 48. Nc6+ Kd7 49. Nb4 c6 50. Nc2 Nf7 51. Na3 b5 52. Nc2 e5 53.
d5 c5 54. Na3 Nd6 55. Nc2 Kc7 56.
Kc3 c4 57. bxc4 bxc4 58. Na3 Kb6 59. Nxc4+ Kc5 60. Nxd6 Kxd6 61. Kc4 Kd7 1-0

[Event "*** Titled Tuesday Blitz"]
[Site "Chess.com"]
[Date "2020.04.07"]
[Round "7"]
[White "lachesisQ"]
[Black "Batica1984"]
[Result "1-0"]
[WhiteElo "3144"]
[BlackElo "2842"]
[TimeControl "180+1"]
[EndTime "14:19:57 PDT"]
[Termination "lachesisQ won by resignation"]

1. c4 c5 2. Nf3 Nc6 3. Nc3 g6 4. e3 Bg7 5. d4 d6 6. Be2 e6 7.
O-O Nge7 8. b3 O-O 9. Bb2 b6 10. Qd2 Bb7 11. Rfd1 cxd4 12. exd4 d5 13. Rac1 Rc8 14. Ba3 a6 15. cxd5 exd5 16. Bd3 Re8 17. Ne2 Rc7 18. h3 Bc8 19. Ng3 Be6 20. Bxa6 Qa8 21.
Bxe7 Qxa6 22. Bd6 Rcc8 23. Ne5 b5 24. Nxc6 Rxc6 25. Be5 f6 26. Bf4 Rec8 27. Rxc6 Rxc6 28. Re1 h5 29. Bh6 Bf7 30. Bxg7 Kxg7 31. Ne2 g5 32. Ng3 Qc8 33. a4 bxa4 34. bxa4 h4 35. Nf1 Rc4 36. a5 Rc2 37. Qd3 Ra2 38. Ne3 Bg6 39. Qb5 Qe6 40. Rc1 Be4 41. Qb8 Kg6 42.
Qf8 Rxa5 43. Rc7 Ra1+ 44. Nf1 Rxf1+ 45. Kxf1 Bxg2+ 46. Kg1 Qe1+ 47. Kxg2 Qe4+ 48. Kf1 Qb1+ 49. Ke2 Qb2+ 50. Kf3 Qb3+ 51. Kg2 1-0

[Event "*** Titled Tuesday Blitz"]
[Site "Chess.com"]
[Date "2020.04.07"]
[Round "7"]
[White "Blagorod"]
[Black "esskeettit"]
[Result "0-1"]
[WhiteElo "2114"]
[BlackElo "2322"]
[TimeControl "180+1"]
[EndTime "14:19:58 PDT"]
[Termination "esskeettit won by resignation"]

1. e4 c5 2. Nc3 Nc6 3. g3 g6 4. Bg2 Bg7 5. d3 d6 6. f4 e6 7.
Nf3 Nge7 8. O-O O-O 9. Be3 Nd4 10.
e5 Nef5 11. Bf2 Nxf3+ 12. Qxf3 dxe5 13. fxe5 Bxe5 14. Bxc5 Re8 15. g4 Qc7 16. Bf2 Bxh2+ 17. Kh1 Nh6 18. Ne4 Be5 19. Nf6+ Bxf6 20. Qxf6 Nxg4 21. Qh4 Nxf2+ 22. Rxf2 f5 23. d4 Bd7 24. d5 exd5 25. Bxd5+ Be6 26. Bg2 Rad8 27. Re1 Bf7 28. Rg1 Qe5 29. Bxb7 Rd4 30. Qh3 Bd5+ 31. Bxd5+ Qxd5+ 32.
Rfg2 Kh8 33. c3 Rde4 34. b3 Qd8 35. Rh2 R8e7 36. Rxg6 Qd1+ 37. Rg1 Qd5 38. Qg2 f4 39. c4 Qf7 40. Qb2+ R7e5 41. Qd2 f3 42. Qd8+ Re8 43. Qa5 f2 44. Qc3+ R8e5 45. Rf1 Re3 46. Rfxf2 Qxf2 47.
Rxf2 Rxc3 48. Rf8+ Kg7 49. Ra8 Re1+ 50. Kg2 Re2+ 51. Kf1 Rxa2 52. Re8 Rc1+ 53. Re1 Rxe1+ 54. Kxe1 Rb2 55. c5 Rxb3 56. Kd2 Rb5 57. c6 Rc5 0-1

[Event "*** Titled Tuesday Blitz"]
[Site "Chess.com"]
[Date "2020.04.07"]
[Round "7"]
[White "King_of_the_wing"]
[Black "Jenia84"]
[Result "1/2-1/2"]
[WhiteElo "2058"]
[BlackElo "2305"]
[TimeControl "180+1"]
[EndTime "14:20:00 PDT"]
[Termination "Game drawn by repetition"]

1. e4 e5 2. Nf3 Nc6 3. c3 Nf6 4. d4 Nxe4 5. d5 Ne7 6. Nxe5 d6 7. Qa4+ c6 8. dxc6 bxc6 9. Nxc6 Nc5 10. Qb5 Nxc6 11.
Qxc6+ Bd7 12. Qf3 Be7 13. Bc4 O-O 14. O-O Rc8 15. Bd5 Bb5 16. c4 Ba6 17. Nc3 Bf6 18.
Bd2 Ne6 19. Be3 Bxc3 20. bxc3 Bxc4 21. Bxc4 Rxc4 22. Bxa7 Qa5 23. Bd4 Nxd4 24. cxd4 Rxd4 25. Qb3 h6 26. Rfd1 Rxd1+ 27. Rxd1 Re8 28. g3 Re1+ 29.
Rxe1 Qxe1+ 30. Kg2 Qe4+ 31. Qf3 Qa4 32. Qb3 Qa8+ 33.
f3 d5 34. a4 d4 35. Kf2 d3 36. Ke3 g6 37. Qxd3 Qxa4 38. Qd8+ Kh7 39. Qd4 Qb3+ 40. Qd3 Qe6+ 41. Qe4 Qb6+ 42. Qd4 Qb3+ 43. Qd3 Qe6+ 44. Qe4 Qh3 45. Qh4 Qxh4 46. gxh4 Kg7 47.
Kf4 Kf6 48. h3 h5 49. Ke4 Ke6 50. Kf4 f6 51. Ke4 Kd6 52. Kd4 Ke6 53. Ke4 f5+ 54. Kd4 Kd6 55. f4 Ke6 56. Kc5 Ke7 57. Kd5 Kf7 58.
Kd6 Kf6 59. Kd5 Kf7 60. Kd6 Kf6 61. Kd5 Kf7 1/2-1/2

[Event "*** Titled Tuesday Blitz"]
[Site "Chess.com"]
[Date "2020.04.07"]
[Round "7"]
[White "Sam_ChessMood"]
[Black "Tayson_7"]
[Result "1-0"]
[WhiteElo "2920"]
[BlackElo "2736"]
[TimeControl "180+1"]
[EndTime "14:20:01 PDT"]
[Termination "Sam_ChessMood won by resignation"]

1. e4 e5 2. Nf3 Nc6 3. Bb5 a6 4. Ba4 Nf6 5. O-O Be7 6. Re1 b5 7. Bb3 d6 8. c3 O-O 9. h3 Bb7 10. d4 Re8 11. Nbd2 Bf8 12. d5 Nb8 13. Nf1 Nbd7 14. N3h2 c6 15. dxc6 Bxc6 16. Bc2 d5 17. exd5 Nxd5 18. Ng3 g6 19. Ng4 f5 20. Bb3 fxg4 21.
Bxd5+ Bxd5 22. Qxd5+ Kh8 23. hxg4 Nf6 24. Qxd8 Raxd8 25.
Bg5 Kg7 26. Bxf6+ Kxf6 27. Ne4+ Kg7 28. Rad1 b4 29. g3 a5 30. Kg2 a4 31. cxb4 Bxb4 32. Rxd8 Rxd8 33. Rc1 Rd4 34. Kf3 h6 35. Rc7+ Kf8 36.
Ke3 a3 37. bxa3 Bxa3 38. f4 Ra4 39. f5 gxf5 40. gxf5 Bb4 41. Rc2 Ra3+ 42. Ke2 Kf7 43. Kf2 Be7 44. Re2 h5 45. Kg2 Bd8 46. Rc2 Be7 47.
Rc7 Rxa2+ 48. Kh3 Ra6 49. f6 Rxf6 50. Nxf6 Kxf6 51. Kh4 e4 52. Kxh5 e3 53. Rc3 e2 54.
Rf3+ Kg7 55. Re3 Bd6 56. Kg4 Bc5 57. Rxe2 Kg8 58. Re6 Bb4 59. Kf5 Bc3 60. Kg6 Kf8 61. g4 Bb2 62. g5 Ba1 63. Ra6 Bb2 64. Ra8+ Ke7 65. Kh7 1-0

[Event "*** Titled Tuesday Blitz"]
[Site "Chess.com"]
[Date "2020.04.07"]
[Round "7"]
[White "pedroholly22"]
[Black "Chigorinetz"]
[Result "1-0"]
[WhiteElo "2345"]
[BlackElo "2494"]
[TimeControl "180+1"]
[EndTime "14:20:01 PDT"]
[Termination "pedroholly22 won by resignation"]

1. e4 c5 2. Nf3 Nc6 3. d4 cxd4 4. Nxd4 g6 5. Nc3 Bg7 6. Be3 Nf6 7. Bc4 O-O 8. Bb3 d6 9. f3 Qa5 10. O-O Bd7 11.
Re1 Rac8 12. Qe2 Nxe4 13. Nxc6 Nxc3 14. Nxa5 Nxe2+ 15. Rxe2 b6 16. Nc4 b5 17. Nd2 a5 18. a4 bxa4 19. Bxa4 Bxa4 20. Rxa4 Rxc2 21. Rxa5 Rxb2 22. Kf2 Rc8 23. Ne4 Rxe2+ 24. Kxe2 f5 25. Ng5 Bf6 26. Ra2 Rc3 27. Ra8+ Kg7 28. Ne6+ Kf7 29.
Nd8+ Kg7 30. Bd4 Rc2+ 31. Kf1 Rc1+ 32. Ke2 Rc2+ 33. Kf1 e5 34. Bf2 e4 35. fxe4 fxe4 36. Ra7+ Kg8 37. Ne6 d5 38. Bd4 Bxd4 39. Nxd4 Rd2 40.
Ne6 e3 41. h3 Rf2+ 42. Ke1 Rxg2 43. Rg7+ Kh8 44. Rd7 h5 45. Rxd5 h4 46. Nf4 Rg3 47. Rd7 g5 48. Ne6 g4 49. hxg4 h3 50. Rd8+ Kh7 51.
Ng5+ Kg6 52. Nxh3 Rf3 53. Re8 Kf7 54. Ng5+ Kxe8 55. Nxf3 Ke7 56. Ke2 Kf6 57. Kxe3 1-0

[Event "*** Titled Tuesday Blitz"]
[Site "Chess.com"]
[Date "2020.04.07"]
[Round "7"]
[White "mmaks007"]
[Black "silverback96"]
[Result "0-1"]
[WhiteElo "2318"]
[BlackElo "2158"]
[TimeControl "180+1"]
[EndTime "14:20:03 PDT"]
[Termination "silverback96 won by resignation"]

1. e4 e6 2. d4 d5 3. Nc3 Bb4 4. e5 c5 5. Bd2 cxd4 6. Nb5 Bc5 7. Nf3 Nc6 8. a3 a6 9. b4 axb5 10. bxc5 b4 11. axb4 Rxa1 12. Qxa1 Qc7 13. Bb5 Ne7 14. O-O O-O 15. Re1 Ng6 16. Nxd4 Ncxe5 17. Bf1 Ng4 18.
g3 e5 19. Nb5 Qd8 20. Nd6 Qf6 21. f4 exf4 22. Qxf6 Nxf6 23. Nxc8 Rxc8 24. Bh3 Ra8 25. gxf4 Ne4 26. Bc1 Nh4 27. Bg2 Nxg2 28. Kxg2 Ra4 29. Rd1 Rxb4 30. Rxd5 h6 31. f5 Rc4 32. Be3 Rxc2+ 33.
Kf3 Ng5+ 34. Bxg5 hxg5 35. Kg3 Rc3+ 36. Kg4 f6 37. h3 Kh7 38. Rd7 Rxc5 39. Rxb7 Rc4+ 40.
Kg3 Rf4 41. Rb5 Kh6 42. Rc5 Kh5 43. Rc7 Kh6 44. Rc5 Ra4 45. Rb5 Kh5 46. Rb8 Ra3+ 47. Kg2 g4 48. hxg4+ Kxg4 49. Rg8 Ra2+ 50. Kf1 Ra7 51.
Rb8 Kxf5 52. Rb5+ Kg4 53. Kf2 f5 54. Rb6 g5 55. Rb4+ f4 56. Rb8 Ra2+ 57. Kf1 Kg3 58. Rg8 Ra1+ 59. Ke2 f3+ 60. Ke3 Re1+ 61. Kd2 Re5 62.
Rxg5+ Rxg5 0-1

[Event "*** Titled Tuesday Blitz"]
[Site "Chess.com"]
[Date "2020.04.07"]
[Round "7"]
[White "Jumbo"]
[Black "Indianlad"]
[Result "1/2-1/2"]
[WhiteElo "2812"]
[BlackElo "3003"]
[TimeControl "180+1"]
[EndTime "14:20:04 PDT"]
[Termination "Game drawn by 50-move rule"]

1. d4 Nf6 2. Bf4 c5 3. dxc5 Na6 4. Qd4 Qa5+ 5. Nc3 e6 6. Bd6 Nxc5 7. Bxf8 Rxf8 8. b4 Qa3 9. bxc5 b6 10. cxb6 Bb7 11.
e3 Qa5 12. Qd2 axb6 13. Nb5 Ke7 14. Nf3 Rfc8 15. c4 Ne4 16. Qxa5 Rxa5 17. Be2 d5 18. cxd5 Rc2 19. d6+ Kd7 20. Bd3 Rb2 21.
Ne5+ Kd8 22. Nxf7+ Ke8 23. Ne5 Nxf2 24. d7+ Ke7 25. O-O Nh3+ 26. gxh3 Rg2+ 27. Kh1 Rgxa2+ 28. e4 Rxa1 29. Rxa1 Rxa1+ 30. Kg2 Rd1 31. Nd6 Bc6 32. Nc8+ Kd8 33. Nxc6+ Kxd7 34. N8a7 Kd6 35. Be2 Rd2 36. Kf2 Ra2 37. h4 Kc5 38. e5 g6 39. Ke3 h6 40.
h3 Ra3+ 41. Bd3 b5 42. Kd2 b4 43. Bxg6 Rxh3 44. h5 b3 45. Na5 Kb4 46. N7c6+ Ka3 47. Nxb3 Kxb3 48. Nd4+ Kc4 49. Nxe6 Rh2+ 50. Ke3 Kd5 51.
Nd4 Rxh5 52. Bxh5 Kxe5 53. Be2 Kd5 54. Nf3 h5 55. Kf2 h4 56. Nxh4 Ke4 57. Nf3 Kd5 58. Bd3 Kc5 59. Ke3 Kd5 60. Be4+ Kc5 61. Ne5 Kd6 62. Nd3 Ke6 63. Kd4 Kf6 64. Nf4 Kg5 65.
Nd5 Kg4 66. Ke3 Kg3 67. Bf5 Kh4 68. Kf4 Kh5 69. Nf6+ Kh6 70. Ne4 Kg7 71. Ke5 Kf7 72. Be6+ Ke8 73. Kd6 Kd8 74. Ng3 Ke8 75. Nf5 Kf8 76. Ke5 Ke8 77. Kd6 Kf8 78. Bd5 Ke8 79.
Ke6 Kf8 80. Kf6 Ke8 81. Bc6+ Kf8 82. Bd7 Kg8 83. Ng7 Kf8 84. Ne6+ Kg8 85. Be8 Kh8 86.
Bf7 Kh7 87. Bg6+ Kh6 88. Bf5 Kh5 89. Ng7+ Kh4 90. Ne6 Kg3 91. Ke5 Kf3 92. Be4+ Ke3 93.
Nc5 Kd2 94. Kd4 Kc1 95. Kc3 Kd1 96. Kd3 Ke1 97. Ke3 Kd1 98. Nb3 Ke1 99. Bc2 Kf1 100.
Nd4 Kg1 101. Ne2+ Kg2 102. Be4+ Kh3 103. Kf4 Kh4 104. Ng3 Kh3 105. Nf5 Kh2 106. Kf3 1/2-1/2

[Event "*** Titled Tuesday Blitz"]
[Site "Chess.com"]
[Date "2020.04.07"]
[Round "7"]
[White "Khamrakulov_Djurabek"]
[Black "DeGrootteZ"]
[Result "1/2-1/2"]
[WhiteElo "2900"]
[BlackElo "2718"]
[TimeControl "180+1"]
[EndTime "14:20:05 PDT"]
[Termination "Game drawn - insufficient material"]

1. e4 c5 2. c3 d5 3. exd5 Qxd5 4. d4 g6 5. Nf3 Bg7 6. Na3 cxd4 7. Nb5 Na6 8. Nbxd4 Nf6 9. Bb5+ Bd7 10. Bxa6 bxa6 11. O-O O-O 12. Re1 e6 13. b3 Rfd8 14. Bb2 a5 15.
Re5 Qb7 16. Rxa5 Qc7 17. Re5 Nd5 18. Re1 Nxc3 19. Qd2 Nb5 20. Rac1 Qb7 21. Qa5 Rdc8 22. Rcd1 Nxd4 23. Bxd4 Bc6 24. Nh4 Qb5 25. Qxb5 Bxb5 26. Bxg7 Kxg7 27. Rd2 a5 28. Nf3 Bc6 29. Nd4 Bd5 30.
f3 a4 31. Kf2 axb3 32. axb3 Rcb8 33. Rb1 Rb4 34. Rd3 Rab8 35. Kg3 g5 36. Rb2 h5 37. Kf2 Kf6 38. Ke3 h4 39. Kd2 e5 40. Nc2 Bc4 41. Rc3 Rxb3 42. Rbxb3 Bxb3 43. Ne3 Be6 44. Rc6 Rb2+ 45. Kc3 Re2 46. Kd3 Ra2 47. g3 Ke7 48. gxh4 gxh4 49. Rc5 Kd6 50. Rc2 Rxc2 51. Kxc2 Bd5 52. Nf5+ Kc5 53. Nxh4 Kd4 54. Kd2 e4 55. fxe4 Bxe4 56. Ke2 Bh7 57. Nf3+ Kd5 58. Ke3 Bg6 59. Kf4 f6 60. Nh4 Bb1 61. Nf5 Ke6 62. Nh6 Bc2 63.
h4 Bb1 64. Kg4 Bc2 65. Kf4 Bd1 66. Ng4 Bxg4 67. Kxg4 Kf7 68. Kf5 Kg7 69. h5 Kh6 70.
Kxf6 Kxh5 1/2-1/2

[Event "*** Titled Tuesday Blitz"]
[Site "Chess.com"]
[Date "2020.04.07"]
[Round "7"]
[White "ENEASZ"]
[Black "Galileo22"]
[Result "1-0"]
[WhiteElo "2503"]
[BlackElo "2334"]
[TimeControl "180+1"]
[EndTime "14:20:05 PDT"]
[Termination "ENEASZ won by resignation"]

1. e4 c5 2. c3 Nf6 3. e5 Nd5 4. d4 cxd4 5. Nf3 d6 6. Bc4 Nb6 7. Bb3 Nc6 8. exd6 e5 9. cxd4 Bxd6 10. dxe5 Nxe5 11. Nxe5 Bxe5 12. Qxd8+ Kxd8 13. O-O f6 14. Nc3 Bd7 15. Rd1 Kc7 16. Be3 Bc6 17. Rac1 Bxc3 18.
Rxc3 Rad8 19. Bf4+ Kc8 20. Be6+ Nd7 21. b4 Rhe8 22.
Bh3 Re4 23. Bd6 a6 24. a4 Rde8 25. f3 Re1+ 26. Rxe1 Rxe1+ 27. Kf2 Rb1 28. Be6 Kd8 29. a5 Rb2+ 30. Kg3 Ne5 31. h4 h6 32. Re3 Ng6 33.
h5 Ne5 34. Bc5 Nd7 35. Bxd7 Bxd7 36. Re7 Be8 37. Rxg7 Bxh5 38. Be7+ Kc8 39. Bxf6 Rxb4 40. Be5 Rb5 41. f4 Be8 42. Rc7+ Kd8 43. Rh7 h5 44.
Kh4 Rb3 45. g3 Rb1 46. f5 Rh1+ 47. Kg5 Rf1 48. f6 Rf3 49. Bf4 Rd3 50. f7 Bxf7 51.
Rxf7 Rd5+ 52. Kg6 Ke8 53. Rxb7 Rxa5 54. Bg5 Ra4 55. Kxh5 Kf8 56. g4 Ra1 57. Bf6 Rh1+ 58. Kg6 Ke8 59. g5 Rf1 60. Ra7 Rg1 61. Ra8+ Kd7 62. Ra7+ Kc6 63. Rxa6+ Kb5 64. Ra3 Rf1 65. Re3 Rg1 66. Re8 Kc6 67. Kf7 Kd7 68. Re7+ Kd6 69. g6 Rf1 70. Re8 Kd7 71. g7 Rxf6+ 72. Kxf6 Kxe8 73.
g8=Q+ 1-0

[Event "*** Titled Tuesday Blitz"]
[Site "Chess.com"]
[Date "2020.04.07"]
[Round "7"]
[White "GodDMuhammad"]
[Black "Walter_White_Poland"]
[Result "1-0"]
[WhiteElo "2319"]
[BlackElo "2126"]
[TimeControl "180+1"]
[EndTime "14:20:05 PDT"]
[Termination "GodDMuhammad won by resignation"]

1. f4 d5 2. Nf3 c6 3. g3 Bg4 4. Bg2 Bxf3 5. Bxf3 e6 6. d3 f5 7. c3 Nf6 8. Qc2 h5 9. Nd2 h4 10. e4 hxg3 11. hxg3 Rxh1+ 12. Bxh1 Nbd7 13. e5 Ng4 14. Nf3 Qb6 15. d4 Be7 16. Bg2 c5 17. Bd2 Rc8 18.
O-O-O Qa6 19. Kb1 Qe2 20. Bc1 Qxc2+ 21. Kxc2 Nf2 22. Rf1 Ne4 23. Rg1 Kf7 24. Be3 cxd4 25. Bxd4 b6 26. g4 g6 27. gxf5 gxf5 28. Rh1 Rg8 29. Bf1 Ng3 30. Rg1 Nxf1 31. Rxf1 Rg2+ 32. Rf2 Rxf2+ 33. Bxf2 Kg6 34. Nd4 Bc5 35. Kd3 Bxd4 36. Bxd4 Kh5 37. a4 Kg4 38. Be3 Kf3 39. b4 a6 40. Bc1 b5 41. axb5 axb5 42. Kd4 Ke2 43. Be3 Kd1 44. Bf2 Kc2 45. Bh4 Kd2 46. Bg5 Ke2 47. Bh4 Kf3 48. Bg5 Kg4 49.
Ke3 Kg3 50. Ke2 Nb6 51. Ke3 Nd7 52. Kd3 Kg4 53. Kd4 Kf3 54. Kd3 Nb6 55. Bh6 Nc4 56. Kd4 Nb2 57. Kc5 Nd3+ 58. Kxb5 Nxf4 59. Bxf4 Kxf4 60.
Kc6 Kxe5 61. b5 f4 62. b6 f3 63. b7 f2 64. b8=Q+ Ke4 65. Qf8 Ke3 66. Qf6 Kd2 67. Qxf2+ Kxc3 68. Qe3+ Kc2 69. Qxe6 d4 70. Qe4+ d3 71.
Kc5 Kc3 72. Qd4+ Kc2 73. Qc4+ Kd2 74. Kd4 1-0

[Event "*** Titled Tuesday Blitz"]
[Site "Chess.com"]
[Date "2020.04.07"]
[Round "7"]
[White "Noukii"]
[Black "GadimbayliA"]
[Result "1/2-1/2"]
[WhiteElo "2756"]
[BlackElo "2921"]
[TimeControl "180+1"]
[EndTime "14:20:06 PDT"]
[Termination "Game drawn by repetition"]

1. d4 d5 2. c4 e5 3. dxe5 d4 4. Nf3 Nc6 5. g3 Nge7 6. Bg2 Ng6 7. O-O Ngxe5 8. Nxe5 Nxe5 9. Nd2 Be7 10. b3 O-O 11.
Bb2 c5 12. Nf3 Nxf3+ 13. Bxf3 Bf6 14. Qd3 g6 15. Bd5 Rb8 16. e4 b6 17. f4 Bg7 18.
Rae1 Bd7 19. Bc1 Be6 20. Qf3 Bxd5 21. cxd5 f6 22. f5 Qd7 23. g4 Rbe8 24. h4 Rf7 25. fxg6 hxg6 26. h5 gxh5 27. gxh5 f5 28. h6 Bh8 29.
Qh5 Rxe4 30. Rxe4 fxe4 31. Qg6+ Kf8 32. Bf4 Rf6 33. Qg5 Qf7 34. Bd6+ Ke8 35. Qe5+ Kd7 36.
Rxf6 Qxf6 37. Qxf6 Bxf6 38. Bf8 d3 39. Kf2 Bd4+ 40.
Ke1 Bc3+ 41. Kf2 Bd4+ 42. Ke1 Bc3+ 43. Kf2 Bd2 44. h7 e3+ 45. Kf3 e2 46. h8=Q e1=Q 47.
Qg7+ Ke8 48. Bd6 Qe2+ 49. Kg3 Be1+ 50. Kh3 Qf3+ 51. Kh2 Qf2+ 52. Kh1 Qf1+ 53. Kh2 Qf2+ 54. Kh1 Qf1+ 55. Kh2 Qe2+ 56. Kh1 Qe4+ 57. Kg1 Qd4+ 58. Qxd4 cxd4 59. Kf1 Kd7 60. Bb8 d2 61. Ke2 a6 62.
Be5 b5 63. Bf4 d3+ 64. Kd1 Ke7 65. Bxd2 Bxd2 66. Kxd2 Kd6 67. Kxd3 Kxd5 68. b4 Ke5 69. Ke3 Kd5 70. Kd3 Ke5 71. Ke3 Kd5 72. Kd3 1/2-1/2